 Dungeon Crawl Stone Soup version 0.31.0-11-ge490571c62 (webtiles) character file.

Game seed: 14424106528277556558

23410357 Sergey the Bringer of Light (level 27, 199/199 HPs)
             Began as a Gargoyle Hunter on Feb 3, 2024.
             Was the Champion of the Shining One.
             Escaped with the Orb
             ... and 15 runes
             ... and 4 gems!
             The game lasted 03:23:31 (65399 turns).

Sergey the Bringer of Light (Gargoyle Hunter)      Turns: 65399, Time: 03:23:31

Health: 199/199    AC: 60    Str: 29    XL:     27
Magic:  36/36      EV: 19    Int: 11    God:    the Shining One [******]
Gold:   6945       SH: 22    Dex: 13    Spells: 31/34 levels left

rFire   + + +        w - +9 broad axe (holy)
rCold   + + +        O - +1 tower shield {rC+}
rNeg    + + +        o - +10 plate armour {Will+}
rPois   ∞            (helmet restricted)
rElec   +            A - +2 cloak
rCorr   .            q - +1 pair of gloves of Untruth {Rampage rF+}
SInv    .            U - +2 pair of boots {rampage}
Will    +++..        I - amulet of Vitality {RegenMP++ Regen++}
Stlth   +            g - ring "Boel" {rC+ EV+5}
HPRegen 2.13/turn    M - ring of Mawkohut {rF++ rC+ Str+3}
MPRegen 1.05/turn

%: rampage
@: flying, glowing, studying 3 skills
A: sickness immunity, AC +20, big wings, negative energy resistance 1,
electricity resistance, torment resistance 1, petrification resistance, horns 1,
low MP 1, weak 1
0: Orb of Zot
}: 15/15 runes: decaying, serpentine, slimy, silver, golden, iron, obsidian,
icy, bone, abyssal, demonic, glowing, magical, fiery, dark
a: Renounce Religion, Divine Shield, Cleansing Flame, Summon Divine Warrior


You escaped.
You worshipped the Shining One.
The Shining One was exalted by your worship.
You visited 18 branches of the dungeon, and saw 88 of its levels.
You visited Pandemonium 1 time, and saw 17 of its levels.
You visited the Abyss 2 times.
You also visited: Ossuary.

You collected 11308 gold pieces.
You spent 4363 gold pieces at shops.

Inventory:

Hand Weapons
 w - a +9 broad axe of holy wrath (weapon)
Missiles
 z - 16 curare-tipped darts
 F - 4 throwing nets
 J - 11 boomerangs (quivered)
 K - 22 javelins
Armour
 o - a +10 plate armour of willpower (worn)
 q - the +1 pair of gloves of Untruth (worn) {Rampage rF+}
   (You found it in Pandemonium)

   rF+:       It protects you from fire.
   Rampage:   It bestows one free step when moving towards enemies.
 y - the +8 plate armour of Midwinter {Dex+4 Stlth+}
   (You found it on level 4 of the Dungeon)

   Dex+4:     It affects your dexterity (+4).
   Stlth+:    It makes you more stealthy.
 A - a +2 cloak (worn)
 G - a +2 helmet
 L - the +1 pair of gloves "Gisoguja" {Harm Will+ Dex+4}
   (You bought it in a shop on level 2 of the Orcish Mines)

   Dex+4:     It affects your dexterity (+4).
   Will+:     It increases your willpower.
   Harm:      It increases damage dealt and taken.
 O - a +1 tower shield of cold resistance (worn)
 U - a +2 pair of boots of rampaging (worn)
 Y - the +1 ring mail "Mozum" {rElec Will++ Int+3 Slay-3}
   (You found it on level 5 of the Lair of Beasts)

   Int+3:     It affects your intelligence (+3).
   Slay-3:    It affects your accuracy & damage with ranged weapons and melee
   (-3).
   rElec:     It insulates you from electricity.
   Will++:    It greatly increases your willpower.
Jewellery
 d - the ring "Pyifamep" {rElec rCorr Str+2}
   (You found it on level 3 of the Tomb of the Ancients)

   [ring of resist corrosion]

   Str+2:     It affects your strength (+2).
   rElec:     It insulates you from electricity.
   rCorr:     It protects you from acid and corrosion.
 g - the ring "Boel" (left hand) {rC+ EV+5}
   (You found it on level 3 of the Depths)

   [ring of evasion]

   EV+5:      It affects your evasion (+5).
   rC+:       It protects you from cold.
 n - the ring "Gicon" {rF+ Str+3 Dex+3}
   (You found it on level 3 of the Snake Pit)

   [ring of protection from fire]

   Str+3:     It affects your strength (+3).
   Dex+3:     It affects your dexterity (+3).
   rF+:       It protects you from fire.
 H - the ring of Ogaix {rElec rF++ Will+}
   (You found it on level 3 of the Tomb of the Ancients)

   [ring of willpower]

   rF++:      It greatly protects you from fire.
   rElec:     It insulates you from electricity.
   Will+:     It increases your willpower.
 I - the amulet of Vitality (around neck) {RegenMP++ Regen++}
   (You bought it in a shop on level 4 of the Depths)

   [amulet of magic regeneration]

   RegenMP:   It increases your rate of magic regeneration.
   Regen++:   It increases your rate of health regeneration.
 M - the ring of Mawkohut (right hand) {rF++ rC+ Str+3}
   (You acquired it on level 3 of the Crypt)

   [ring of protection from cold]

   Str+3:     It affects your strength (+3).
   rF++:      It greatly protects you from fire.
   rC+:       It protects you from cold.
 P - an amulet of regeneration
Wands
 c - a wand of light (20)
 i - a wand of iceblast (74)
 j - a wand of mindburst (47)
 r - a wand of paralysis (55)
 v - a wand of digging (25)
Scrolls
 B - 5 scrolls of immolation
 N - 2 scrolls of brand weapon
 Q - 24 scrolls of teleportation {@r3}
 S - 2 scrolls of noise
 X - 2 scrolls of fog {@r2}
 Z - 6 scrolls of blinking {@r4}
Potions
 b - 9 potions of lignification
 k - 27 potions of curing {@q2}
 l - 8 potions of enlightenment
 m - 9 potions of heal wounds {@q1}
 p - 5 potions of magic
 t - 3 potions of resistance
 x - 10 potions of mutation
 D - 7 potions of ambrosia
 E - 11 potions of attraction
 W - a potion of haste {@q5}
Miscellaneous
 a - a phial of floods
 e - a phantom mirror
 u - a figurine of a ziggurat
 C - a sack of spiders
 R - a lightning rod (4/4)
 V - a condenser vane


   Skills:
 O Level 27 Fighting
 O Level 27 Axes
 - Level 9.6(21.4) Maces & Flails
 - Level 6.8(19.2) Polearms
 - Level 4.0(8.8) Staves
 - Level 4.0 Ranged Weapons
 + Level 20.5 Armour
 + Level 14.4 Dodging
 O Level 27 Stealth
 + Level 20.5 Shields
 - Level 4.0 Spellcasting
 - Level 9.0 Translocations
 O Level 27 Invocations
 - Level 10.0 Evocations


You had 31 spell levels left.
You knew the following spells:

 Your Spells              Type           Power      Damage    Failure   Level
e - Blink                 Tloc           44%        N/A       5%          2
j - Apportation           Tloc           44%        N/A       3%          1

Your spell library contained the following spells:

 Spells                   Type           Power      Damage    Failure   Level
 Lesser Beckoning         Tloc           44%        N/A       5%          2
 Momentum Strike          Conj/Tloc      24%        3d8       34%         2
 Passage of Golubria      Tloc           22%        N/A       34%         4
 Foxfire                  Conj/Fire      8%         2x1d4     82%         1
 Freeze                   Ice            8%         1d3       82%         1
 Magic Dart               Conj           8%         1d3       82%         1
 Necrotise                Necr           8%         1d4       82%         1
 Sandblast                Erth           4%         2d4       82%         1
 Shock                    Conj/Air       8%         1d3       82%         1
 Slow                     Hex            8%         N/A       82%         1
 Sting                    Conj/Alch      8%         1d3       82%         1
 Summon Small Mammal      Summ           8%         N/A       82%         1
 Call Imp                 Summ           4%         N/A       91%         2
 Ensorcelled Hibernation  Hex/Ice        4%         N/A       91%         2
 Jinxbite                 Hex            4%         N/A       91%         2
 Mercury Vapours          Alch/Air       4%         N/A       91%         2
 Scorch                   Fire           4%         2d5       91%         2
 Searing Ray              Conj           4%         2d4       91%         2
 Static Discharge         Conj/Air       4%         3-4/arc   91%         2
 Call Canine Familiar     Summ           2%         N/A       99%         3
 Confusing Touch          Hex            2%         N/A       99%         3
 Dazzling Flash           Conj/Hex       4%         N/A       99%         3
 Frozen Ramparts          Ice            4%         1d1       99%         3
 Hailstorm                Conj/Ice       2%         3d5       99%         3
 Inner Flame              Hex/Fire       2%         N/A       99%         3
 Ozocubu's Armour         Ice            2%         N/A       99%         3
 Passwall                 Erth           2%         N/A       99%         3
 Sigil of Binding         Hex            2%         N/A       99%         3
 Stone Arrow              Conj/Erth      4%         3d7       99%         3
 Swiftness                Air            2%         N/A       99%         3
 Vampiric Draining        Necr           2%         2d6       99%         3
 Summon Forest            Summ/Tloc      6%         N/A       99%         5
 Airstrike                Air            1%         2d(1-17)  100%        4
 Anguish                  Hex/Necr       1%         N/A       100%        4
 Animate Armour           Summ/Erth      4%         N/A       100%        4
 Brom's Barrelling Bould  Conj/Erth      2%         2d3       100%        4
 Cause Fear               Hex            1%         N/A       100%        4
 Flame Wave               Conj/Fire      2%         2d4       100%        4
 Fulminant Prism          Conj/Alch      1%         3d5       100%        4
 Leda's Liquefaction      Alch/Erth      1%         N/A       100%        4
 Olgreb's Toxic Radiance  Alch           2%         N/A       100%        4
 Petrify                  Alch/Erth      2%         N/A       100%        4
 Sticky Flame             Fire/Alch      2%         2d4       100%        4
 Summon Blazeheart Golem  Fire/Summ      2%         N/A       100%        4
 Summon Lightning Spire   Summ/Air       2%         N/A       100%        4
 Fireball                 Conj/Fire      1%         3d3       100%        5
 Freezing Cloud           Conj/Ice/Air   1%         6-21      100%        5
 Irradiate                Conj/Alch      1%         3d12      100%        5
 Iskenderun's Battlesphe  Conj           2%         2d6       100%        5
 Metabolic Englaciation   Hex/Ice        1%         N/A       100%        5
 Silence                  Hex/Air        1%         N/A       100%        5
 Yara's Violent Unravell  Hex/Alch       1%         3d3       100%        5
 Bombard                  Conj/Erth      1%         9d1       100%        6
 Eringya's Noxious Bog    Alch           1%         4d6       100%        6
 Plasma Beam              Fire/Air       1%         2x1d11    100%        6
 Sculpt Simulacrum        Ice/Alch       1%         N/A       100%        6
 Starburst                Conj/Fire      1%         6d3       100%        6
 Summon Cactus Giant      Summ           1%         N/A       100%        6
 Enfeeble                 Hex            1%         N/A       100%        7
 Orb of Destruction       Conj           1%         9d5       100%        7
 Ozocubu's Refrigeration  Ice            1%         4d7       100%        7
 Spellforged Servitor     Conj/Summ      1%         N/A       100%        7
 Summon Hydra             Summ           1%         N/A       100%        7
 Discord                  Hex            1%         N/A       100%        8
 Ignition                 Fire           1%         3d3       100%        8
 Lehudib's Crystal Spear  Conj/Erth      1%         10d2      100%        8
 Summon Horrible Things   Summ           1%         N/A       100%        8
 Chain Lightning          Conj/Air       1%         3d1       100%        9
 Dragon's Call            Summ           1%         N/A       100%        9
 Fire Storm               Conj/Fire      1%         7d1       100%        9
 Polar Vortex             Ice            1%         N/A       100%        9
 Shatter                  Erth           1%         3d5*      100%        9
 Sublimation of Blood     Necr           Unusable   N/A       N/A         2

Dungeon Overview and Level Annotations

Branches:
Dungeon (15/15)            Temple (1/1) D:5            Lair (5/5) D:11
  Swamp (4/4) Lair:2        Snake (4/4) Lair:3        Slime (5/5) Lair:4
    Orc (2/2) D:12            Elf (3/3) Orc:2        Vaults (5/5) D:14
  Crypt (3/3) Vaults:2       Tomb (3/3) Crypt:3      Depths (4/4) D:15
   Hell (visited)             Dis (7/7) Hell            Geh (7/7) Hell
    Coc (7/7) Hell            Tar (7/7) Hell            Zot (5/5) Depths:4
Ossuary (visited)

Altars:
Ashenzari
Cheibriados
Dithmenos
Elyvilon
Fedhas
Gozag
Hepliaklqana
Kikubaaqudgha
Makhleb
Nemelex Xobeh
Okawaru
Qazlal
Ru
Sif Muna
Trog
Uskayaw
Vehumet
Wu Jian
Xom
Yredelemnul
Zin
The Shining One
Jiyva
Lugonu

Shops:
D:11 *   Orc:2 ![:?   Elf:1 :[*?   Elf:3 *   Vaults:1 [   Vaults:3 *
Depths:1 =::   Depths:4 *=

Portals:
Hell: Depths:1 Depths:2 Depths:3 Depths:4
Abyss: Depths:1 Depths:3
Pandemonium: Depths:3
Ziggurat: Depths:2

Annotations:
D:1 exclusion: downstairs
D:2 exclusion: downstairs, Natasha
D:3 exclusions: 2 downstairs, upstairs and 1 more exclusion
D:4 exclusion: 2 downstairs
D:5 exclusions: 2 downstairs and 7 more exclusions
D:7 exclusion: downstairs
D:9 exclusion: oklob plant
D:10 exclusion: upstairs
D:11 1 runed translucent door
Lair:5 1 exclusion
Snake:2 3 runed translucent doors, vinnietd's ghost, adept HaFi
Elf:2 1 exclusion
Depths:3 2 transporters, Malady's ghost, journeyman MiFi; xzight's ghost, legendary MiBe
Dis:7 1 exclusion, Dispater
Coc:7 1 exclusion
Zot:3 1 transporter


Innate Abilities, Weirdness & Mutations

You are immune to sickness and miasma.
Your stone body is resilient. (AC +20)
You are immune to poison.
Your large and strong wings let you fly.
You resist negative energy. (rN+)
You are resistant to electric shocks. (rElec)
You are resistant to unholy torment.
You are immune to petrification.
You have a pair of small horns on your head.
Your magical capacity is low. (-10% MP)
You are weak. (Str -2)


Message History

The white imp gestures at you.
The puff of frost hits you but does no damage.
There is a stone staircase leading down here.
The white imp gestures at you.
The puff of frost hits you but does no damage.
The white imp misses you.
You slash the white imp!
The white imp convulses!
You kill the white imp!
The Shining One accepts your kill.
A Hell Sentinel comes into view.
There is a stone staircase leading up here.
The Hell Sentinel gestures at you.
The sphere of damnation explodes!
The damnation engulfs you!
You fly upwards.
Level annotation: exclusion: 2 downstairs
There is a stone staircase leading down here.
Things that are here:
a +0 robe; a +0 dagger HP restored.
There is a stone staircase leading up here.
You fly upwards.
Level annotation: exclusions: 2 downstairs, upstairs and 1 more exclusion
There is a stone staircase leading down here.
There is an open door here.
There is an open door here.
A lorocyproca comes into view.
The lorocyproca gives a chilling moan.
There is a stone staircase leading up here.
You fly upwards.
Level annotation: exclusion: downstairs, Natasha
There is a stone staircase leading down here.
There is a stone staircase leading up here.
You fly upwards.
Level annotation: exclusion: downstairs
There is a stone staircase leading down here.
There is a staircase leading out of the dungeon here.
Unknown command.
Unknown command.
Unknown command.
You have escaped!

##....############# #.# ##.#
####........#.....## #.#####...
..##.#.............## #........#
....................## ###......#
.....................## #.......
#............≈≈≈≈≈≈≈..## #.......
##..........≈≈.....≈≈..###.......
##.#.......≈≈.....(.≈≈...........
...##.....≈≈....@.8..≈≈.....##...
.#####....≈..8.....♣..≈........##
.# ##...≈...........≈X.......##
.# ###..≈≈.........≈≈....######
.#####.....≈≈....8..≈≈..##.......
...#........≈≈...)♣≈≈...#########
.........#...≈≈≈.≈≈≈.....#####...
)..#.............................
...#.............................


You could see an Orb Guardian.

Vanquished Creatures
  Asmodeus (Geh:7)
  the Royal Jelly (Slime:5)
  Gloorx Vloq (Pan)
  Ereshkigal (Tar:7)
  the Serpent of Hell (Dis:7)
  4 dread liches
  5 ancient liches
  Khufu (Crypt:1)
  Mara (Elf:3)
  5 orbs of fire
  Mennas (Pan)
  A juggernaut (Depths:4)
  13 royal mummies
  A pandemonium lord (Pan)
  6 shard shrikes (Coc:5)
  2 Killer Klowns (Zot:5)
  Bai Suzhen (Crypt:2)
  21 caustic shrikes
  Vashnia (Snake:4)
  Geryon (Hell)
  2 curse toes
  6 golden dragons
  Jory (Vaults:2)
  Nikola (Snake:2)
  5 profane servitors
  12 bone dragons
  7 Tzitzimimeh
  16 tentacled monstrosities
  4 doom hounds
  A spectral shard shrike (Crypt:3)
  A hellephant (Geh:6)
  24 Hell Sentinels
  4 Brimstone Fiends
  9 iron giants
  Jorgrun (D:14)
  10 liches
  22 Orb Guardians
  12 Ice Fiends
  4 deep elf blademasters (Elf:3)
  9 tainted leviathans
  10 sphinxes
  2 deep elf master archers (Elf:3)
  12 titans
  5 quicksilver dragons
  9 searing wretches
  4 death cobs
  Gastronok (Lair:2)
  11 acid blobs
  11 Executioners (Pan)
  42 ancient champions
  A tentacled starspawn (Abyss:4)
  A thorn hunter (Swamp:3)
  10 shadow dragons
  Aizul (Snake:2)
  8 storm dragons
  12 fire giants
  5 rockslimes
  2 fenstrider witches (Pan)
  2 revenants (Crypt:3)
  4 tengu reavers
  4 protean progenitors (Pan)
  12 vault wardens
  8 draconian monks
  8 nagarajas
  8 demonspawn warmongers (Pan)
  18 azure jellies
  20 narguns
  12 quicksilver elementals
  7 deep elf sorcerers
  2 draconian shifters (Zot:1)
  22 balrugs
  5 draconian knights
  5 iron dragons
  16 frost giants
  7 spectral caustic shrikes
  7 demonspawn corrupters
  4 curse skulls
  An orc warlord (Vaults:1)
  7 ghost moths
  2 draconian stormcallers
  A caustic shrike zombie (Crypt:3)
  12 ghouls
  8 shard shrike simulacra
  4 deep elf elementalists (Elf:3)
  A spectral juggernaut (Tar:3)
  2 angels
  9 draconian annihilators
  4 formless jellyfish
  8 cacodemons (Pan)
  7 demonspawn blood saints
  9 reapers
  26 ironbound preservers
  2 caustic shrike skeletons
  2 spriggan defenders
  10 vampire knights
  7 stone giants
  8 ironbound thunderhulks
  2 quicksilver oozes (Slime:5)
  10 black draconians
  21 elemental wellsprings
  4 deep elf demonologists
  14 green draconians
  5 deep elf annihilators
  4 juggernaut skeletons
  8 very ugly things
  3 eleionomae
  5 deep elf death magi
  6 yellow draconians
  12 bennus
  27 putrid mouths
  A spectral titan (Crypt:3)
  7 white draconians
  6 demonspawn black suns (Pan)
  6 spark wasps (Depths:2)
  9 lorocyprocas (Pan)
  5 bunyips
  13 war gargoyles
  19 wendigos
  14 purple draconians
  10 dire elephants
  19 red draconians
  7 green deaths
  10 eidola
  10 blizzard demons
  2 entropy weavers
  7 deep elf high priests
  20 mummy priests
  4 fire dragons
  7 jiangshi
  5 crystal guardians
  22 iron golems
  A spectral iron giant (Tar:3)
  11 ettins
  18 yaktaur captains
  A fenstrider witch zombie (Crypt:3)
  7 salamander tyrants
  2 spectral spriggans
  9 great orbs of eyes
  40 vault guards
  4 rakshasas
  5 catoblepae
  4 peacekeepers
  9 juggernaut simulacra
  14 alligators
  8 ice dragons
  8 ogre magi
  2 spectral shadow dragons
  A spectral stone giant (Tar:2)
  2 hell beasts
  4 ghost crabs
  12 caustic shrike simulacra
  4 stokers
  22 centaur warriors
  10 anacondas
  13 ironbound frosthearts
  2 death knights
  A merfolk aquamancer (Pan)
  18 dancing weapons
  9 hydras
  13 death yaks
  5 deep troll earth magi
  14 two-headed ogres
  5 tengu warriors
  A deep troll shaman (Depths:2)
  35 death scarabs
  10 boulder beetles
  20 hell hogs
  15 naga warriors
  2 spectral nagas
  7 vampire magi
  8 occultists
  2 demonic crawlers (Pan)
  10 shock serpents
  18 soul eaters
  2 hell knights
  A thrashing horror (Abyss:4)
  14 naga sharpshooters
  A storm dragon zombie (Crypt:1)
  3 spriggan berserkers
  A spectral storm dragon (Tar:1)
  36 sun demons
  Nergalle (Orc:2)
  An orc high priest (Elf:1)
  A spectral emperor scorpion (Pan)
  7 crystal echidnas
  11 deep elf knights
  15 spriggans
  33 skeletal warriors
  24 sixfirhies
  A spectral anaconda (Tar:2)
  A wretched star (Abyss:4)
  6 skysharks
  3 iron trolls
  An anaconda zombie (Crypt:1)
  Lodul (D:14)
  8 salamander mystics
  34 shadow wraiths
  3 glowing orange brains
  2 spriggan druids
  3 death drakes (Depths:4)
  3 goliath frogs
  A spatial maelstrom (Abyss:4)
  47 deep trolls
  6 mana vipers
  10 flayed ghosts
  3 sun moths (Pan)
  6 quicksilver dragon simulacra
  8 deep elf archers
  A glowing orange brain (shapeshifter) (Depths:2)
  2 spectral hydras (Swamp:4)
  11 shadow demons (Pan)
  An obsidian statue (Depths:1)
  10 arcanists
  5 swamp dragons
  A tengu zombie (Vaults:1)
  2 anaconda skeletons
  2 orange crystal statues
  7 starcursed masses (Abyss:4)
  6 naga ritualists
  5 spriggan simulacra
  3 lindwurms
  8 bog bodies
  A bunyip skeleton (Crypt:1)
  3 spectral alligators (Swamp:4)
  Pikel (D:8)
  17 large abominations
  17 ironbound convokers
  A lindwurm (shapeshifter) (Vaults:5)
  21 deep elf zephyrmancers
  12 necromancers
  23 phantasmal warriors
  A harpy (Vaults:1)
  5 orc sorcerers
  22 deep elf pyromancers
  5 oklob plants (Lair:4)
  5 orc knights
  An iron dragon skeleton (Dis:5)
  17 ugly things
  A shadow dragon skeleton (Depths:2)
  A shining eye (Slime:5)
  A sphinx simulacrum (Depths:2)
  A mana viper (shapeshifter) (Vaults:5)
  A worldbinder (Abyss:4)
  6 manticores
  6 will-o-the-wisps
  An eleionoma zombie (Crypt:3)
  A spectral ettin (Tar:6)
  22 salamanders
  A stone giant skeleton (Depths:1)
  8 cyclopes
  A salamander (shapeshifter) (Elf:1)
  9 vault sentinels
  13 elephants
  10 moths of wrath
  A naga zombie (Crypt:3)
  A centaur zombie (D:15)
  16 naga magi
  A fire giant skeleton (Depths:2)
  3 ice statues
  3 titan simulacra
  A kobold blastminer (Orc:1)
  4 guardian serpents
  14 orange demons
  39 black mambas
  3 rust devils
  2 torpor snails (Pan)
  3 eyes of devastation
  19 hellions
  2 molten gargoyles (Geh:7)
  24 smoke demons
  An apocalypse crab (Abyss:4)
  2 gargoyles
  A naga skeleton (Tomb:3)
  3 efreet
  Maggie (Lair:2)
  12 cane toads
  An unseen horror (D:11)
  3 rime drakes
  6 swamp worm zombies (Swamp:4)
  15 freezing wraiths
  38 yaktaurs
  3 bunyip simulacra
  4 tengu conjurers
  An iron giant simulacrum (Coc:2)
  10 komodo dragons
  A kobold demonologist (D:12)
  6 anaconda simulacra
  A harpy zombie (Tomb:3)
  A purple draconian skeleton (Crypt:2)
  3 spectral harpies
  37 guardian mummies
  An ice devil (Pan)
  A golden dragon simulacrum (Coc:3)
  2 iron troll skeletons
  12 tormentors
  10 trolls
  A silent spectre (Tar:5)
  3 red devils
  A troll (shapeshifter) (D:13)
  20 hellwings (Pan)
  5 hydra zombies (Swamp:4)
  A shadow dragon simulacrum (Depths:1)
  3 polar bears
  A green draconian skeleton (Crypt:3)
  16 hornets
  3 spectral swamp dragons (Swamp:4)
  9 tyrant leeches
  10 blink frogs
  4 glass eyes
  4 harpy skeletons
  A stone giant simulacrum (Coc:1)
  3 iron dragon simulacra
  6 dream sheep (Lair:3)
  76 slime creatures
  A fire giant simulacrum (Vaults:1)
  7 raiju (Abyss:4)
  2 culicivoras (Vaults:2)
  A slime creature (shapeshifter) (Vaults:5)
  8 shadows
  3 centaur simulacra
  12 wraiths
  15 ynoxinuls
  8 water elementals
  58 yaks
  3 air elementals
  6 dire elephant simulacra
  9 ushabtiu
  17 humans
  An ettin skeleton (Dis:5)
  2 wargs
  3 basilisks
  10 wyverns
  5 fire elementals
  5 golden eyes (Slime:1)
  2 tyrant leech zombies (Swamp:4)
  An alligator snapping turtle simulacrum (Hell)
  16 chaos spawn (Pan)
  16 neqoxecs
  A steam dragon (D:9)
  2 vampire mosquitoes (Swamp:4)
  A redback (Vaults:2)
  Menkaure (D:6)
  A spatial vortex (Abyss:4)
  10 harpy simulacra
  A swamp worm (shapeshifter) (Vaults:3)
  A naga (shapeshifter) (D:13)
  A hydra simulacrum (Coc:5)
  50 nagas
  9 water moccasins
  12 swamp worms
  21 orc warriors
  A demonspawn skeleton (Crypt:3)
  A glowing shapeshifter skeleton (Depths:2)
  3 swamp drakes
  14 laughing skulls
  4 ettin simulacra
  3 black bears
  25 ogres
  2 swamp dragon zombies (Swamp:4)
  3 boggarts (Vaults:1)
  8 centaurs
  3 human skeletons
  A lindwurm skeleton (Crypt:1)
  2 small abominations (Abyss:4)
  11 wolves
  3 phantoms
  9 weeping skulls (Crypt:3)
  3 kobold brigands
  14 bullfrogs
  2 gnoll sergeants
  9 earth elementals
  A scorpion (D:4)
  6 water moccasin zombies (Ossuary)
  A rime drake skeleton (Crypt:1)
  A salamander skeleton (Crypt:3)
  A human simulacrum (Depths:1)
  4 naga simulacra
  18 wights
  A komodo dragon skeleton (Crypt:1)
  A burial acolyte (Ossuary)
  A yak zombie (Crypt:3)
  3 killer bees (D:10)
  A swamp dragon simulacrum (Hell)
  6 howler monkeys
  A quasit (D:4)
  2 hounds (D:4)
  A human zombie (Crypt:1)
  8 jellies (D:9)
  2 bombardier beetles
  A black bear zombie (Crypt:3)
  4 gnoll boudas
  12 orc priests
  A spectral scorpion (Ossuary)
  4 iguanas
  36 orc wizards
  A deep dwarf zombie (Crypt:2)
  2 crocodile zombies (Ossuary)
  30 mummies
  A boggart simulacrum (D:14)
  21 gnolls
  4 adders
  6 shadow imps
  7 white imps
  4 ufetubi
  An adder skeleton (Crypt:1)
  4 adder zombies (Ossuary)
  4 ribbon worms (D:3)
  A dart slug (D:1)
  94 orcs
  14 endoplasms
  2 giant cockroaches
  7 gnoll zombies (Ossuary)
  11 goblins
  6 hobgoblins
  3 jackals (D:3)
  A quokka (D:2)
  3 ball pythons
  3 bats
  2 frilled lizards (D:1)
  A giant cockroach zombie (Crypt:2)
  2 jackal zombies (Ossuary)
  14 kobolds
  An orc skeleton (Crypt:2)
  An orc zombie (Ossuary)
  2 rats
  2 aspiring fleshes (Pan)
  3 ball lightnings (Pan)
  2 creeping infernos
  9 fire vortices
  A spectral weapon (Elf:3)
3304 creatures vanquished.

Vanquished Creatures (collateral kills)
  Cerebov (Pan)
  Antaeus (Coc:7)
  Mnoleg (Pan)
  Ignacio (Pan)
  4 dread liches
  An ancient lich (Depths:3)
  A caustic shrike (Dis:7)
  3 bone dragons
  3 profane servitors
  Norris (Vaults:2)
  An iron giant (Dis:7)
  4 doom hounds
  5 Tzitzimimeh
  5 Brimstone Fiends
  2 tentacled monstrosities
  3 Hell Sentinels
  A titan (Coc:7)
  An Ice Fiend (Coc:7)
  2 Orb Guardians (Zot:5)
  3 tainted leviathans (Tar:7)
  2 deep elf blademasters (Elf:3)
  8 Executioners (Pan)
  A searing wretch (Geh:7)
  A tentacled starspawn (Abyss:4)
  2 ancient champions
  3 pandemonium lords (Pan)
  2 death cobs
  An azure jelly (Slime:5)
  A storm dragon (Zot:5)
  A demonspawn warmonger (Pan)
  Donald (Snake:1)
  4 narguns (Coc:7)
  4 protean progenitors (Pan)
  A nagaraja (Snake:2)
  8 balrugs
  A spectral caustic shrike (Depths:3)
  2 vault wardens
  6 cacodemons (Pan)
  A curse skull (Pan)
  6 reapers
  4 ghouls
  3 draconian annihilators (Zot:5)
  2 caustic shrike skeletons
  3 ironbound preservers
  A stone giant (Depths:3)
  6 very ugly things
  4 demonspawn black suns (Pan)
  4 elemental wellsprings
  A juggernaut skeleton (Pan)
  A deep elf death mage (Elf:3)
  A green draconian (Zot:5)
  A putrid mouth (Tar:4)
  2 bunyips (Pan)
  A white draconian (Zot:2)
  4 war gargoyles (Dis:7)
  A lorocyproca (Pan)
  A blizzard demon (Pan)
  3 iron golems (Dis:3)
  3 green deaths (Pan)
  3 jiangshi (Crypt:1)
  A great orb of eyes (Abyss:4)
  2 fire dragons (Pan)
  2 spectral spriggans (Tar:4)
  A spriggan zombie (Abyss:4)
  A vault guard (Vaults:5)
  2 salamander tyrants (Geh:7)
  An alligator (Swamp:4)
  An anaconda (Snake:2)
  A stoker (Geh:7)
  A caustic shrike simulacrum (Abyss:4)
  A naga warrior (Snake:3)
  A dancing weapon (Dis:7)
  2 spectral emperor scorpions (Pan)
  3 naga sharpshooters
  An occultist (Depths:3)
  10 sun demons (Pan)
  2 crystal echidnas (Dis:7)
  4 soul eaters (Pan)
  5 shadow wraiths
  A wretched star (Abyss:4)
  2 hellephant skeletons (Pan)
  3 skeletal warriors
  6 shadow demons
  A flayed ghost (Abyss:4)
  A sun moth (Pan)
  A bog body (Swamp:4)
  A phantasmal warrior (Crypt:2)
  A deep elf archer (Elf:3)
  2 deep trolls (Vaults:2)
  An ironbound convoker (Vaults:2)
  An orange crystal statue (Abyss:4)
  A spectral hydra (Swamp:4)
  3 large abominations
  3 ugly things (Vaults:2)
  2 naga magi (Snake:3)
  A black mamba (Snake:3)
  3 ice statues
  An orange demon (Pan)
  2 guardian serpents (Snake:3)
  2 molten gargoyles (Geh:7)
  A torpor snail (Pan)
  A smoke demon (Pan)
  5 hellions
  3 yaktaurs
  An efreet (Pan)
  A freezing wraith (Coc:7)
  3 tormentors
  2 raiju (Abyss:4)
  A culicivora zombie (Crypt:1)
  4 ynoxinuls (Pan)
  2 water elementals (Coc:7)
  A basilisk (D:13)
  2 neqoxecs
  5 chaos spawn
  2 spatial vortices (Abyss:4)
  A harpy simulacrum (Coc:7)
  A water nymph skeleton (Crypt:1)
  A laughing skull (Abyss:4)
  An ogre (Vaults:5)
  A phantom (Swamp:4)
  4 starcursed masses (Abyss:4)
  A weeping skull (Abyss:4)
  A brain worm (Abyss:4)
  A necrophage (Swamp:4)
  2 aspiring fleshes (Pan)
  3 ball lightnings (Pan)
281 creatures vanquished.

Vanquished Creatures (others)
  A tentacled monstrosity (Pan)
  A nargun (Coc:2)
  A blizzard demon (Pan)
  2 green deaths (Pan)
  A caustic shrike simulacrum (Coc:6)
  An ironbound frostheart (Vaults:2)
  A stoker (Geh:6)
  An alligator (Swamp:4)
  A juggernaut simulacrum (Coc:5)
  4 sixfirhies (Pan)
  A quicksilver dragon simulacrum (Coc:7)
  A goliath frog (Swamp:2)
  A phantasmal warrior (Crypt:3)
  3 spriggan simulacra
  2 smoke demons (Pan)
  A titan simulacrum (Coc:7)
  4 bloated husks
  An iron giant simulacrum (Coc:7)
  A slime creature (Vaults:1)
  An iron dragon simulacrum (Coc:7)
  A centaur simulacrum (Hell)
  A ynoxinul (Pan)
  A neqoxec (Pan)
  2 harpy simulacra
  A naga (Snake:1)
  A hydra simulacrum (Coc:5)
  An ettin simulacrum (Coc:4)
  A weeping skull (Abyss:4)
  4 phantoms (Swamp:4)
  2 naga simulacra (Coc:5)
  10 ball lightnings (Pan)
  A creeping inferno (Hell)
  36 foxfires
  A lurking horror (Abyss:4)
  6 starspawn tentacles (Abyss:4)
99 creatures vanquished.

Grand Total: 3684 creatures vanquished

Notes
Turn   | Place    | Note
-------+----------+-------------------------------------------
     0 | D:1      | Sergey the Gargoyle Hunter began the quest for the Orb.
     0 | D:1      | Reached XP level 1. HP: 12/12 MP: 1/1
   148 | D:1      | Reached XP level 2. HP: 18/18 MP: 2/2
   502 | D:2      | Found a shimmering blue altar of Sif Muna.
   508 | D:2      | Noticed Natasha
   682 | D:2      | Reached XP level 3. HP: 23/23 MP: 3/3
  1059 | D:2      | Found the +6 Majin-Bo {spellvamp, MP+6 Int+6}
  1516 | D:3      | Found a shadowy altar of Dithmenos.
  1520 | D:3      | Found a basalt altar of Yredelemnul.
  1523 | D:3      | Found a radiant altar of Vehumet.
  2550 | D:3      | Reached skill level 1 in Evocations
  2550 | D:3      | Reached XP level 4. HP: 29/29 MP: 4/4
  3095 | D:3      | Reached XP level 5. HP: 29/34 MP: 5/5
  3316 | D:4      | Noticed an ice beast
  3339 | D:4      | Reached skill level 1 in Staves
  3339 | D:4      | Reached XP level 6. HP: 40/40 MP: 6/6
  3351 | D:4      | Reached skill level 5 in Fighting
  3760 | D:4      | Identified the +8 plate armour of Midwinter {Dex+4 Stlth+}
  4602 | D:5      | Entered Level 5 of the Dungeon
  4612 | D:4      | Reached XP level 7. HP: 44/44 MP: 7/7
  5136 | D:5      | Reached skill level 1 in Armour
  5226 | D:5      | Found a sand-covered staircase.
  5230 | Ossuary  | Entered an ossuary
  5406 | Ossuary  | Reached XP level 8. HP: 49/52 MP: 8/8
  5621 | D:5      | Found a staircase to the Ecumenical Temple.
  5631 | Temple   | Entered the Ecumenical Temple
  5641 | Temple   | Became a worshipper of the Shining One
  6178 | D:6      | Noticed Menkaure
  6248 | D:5      | Reached skill level 1 in Maces & Flails
  6808 | D:5      | Reached skill level 1 in Polearms
  7011 | D:6      | Reached * piety under the Shining One
  7046 | D:6      | Reached XP level 9. HP: 59/59 MP: 9/9
  7865 | D:6      | Killed Menkaure
  7866 | D:6      | Reached skill level 5 in Polearms
  8053 | D:6      | Found an opulent altar of Gozag.
  8053 | D:6      | Found a glowing silver altar of Zin.
  8287 | D:7      | Noticed a hornet
  8298 | D:7      | Killed a hornet
  8366 | D:6      | Reached skill level 5 in Armour
  8533 | D:7      | Reached ** piety under the Shining One
  8801 | D:7      | Reached XP level 10. HP: 66/66 MP: 10/10
  9317 | D:8      | Found a broken altar of Ashenzari.
  9484 | D:8      | Noticed a two-headed ogre
  9568 | D:8      | Killed a two-headed ogre
  9821 | D:8      | Noticed Pikel
  9840 | D:8      | Killed Pikel
  9841 | D:8      | Reached skill level 10 in Fighting
 10091 | D:8      | Noticed a two-headed ogre
 10199 | D:9      | Reached *** piety under the Shining One
 10335 | D:9      | Reached skill level 5 in Maces & Flails
 10441 | D:9      | Noticed an oklob plant
 10611 | D:9      | Reached XP level 11. HP: 71/72 MP: 11/11
 11192 | D:9      | Got Sif Muna's Cyclopedia of the Summer
 11389 | D:9      | Found a bloodstained altar of Trog.
 11458 | D:9      | Noticed a two-headed ogre
 11511 | D:10     | Entered Level 10 of the Dungeon
 11639 | D:10     | Found a hazy altar of Hepliaklqana.
 12018 | D:11     | Reached skill level 1 in Invocations
 12098 | D:11     | Noticed a centaur warrior
 12116 | D:11     | Found Ficw's General Store.
 12123 | D:11     | Killed a centaur warrior
 12143 | D:11     | Bought a potion of mutation for 120 gold pieces
 12267 | D:11     | Reached **** piety under the Shining One
 12295 | D:11     | Noticed a manticore
 12313 | D:11     | Killed a manticore
 12580 | D:11     | Found a staircase to the Lair.
 12961 | Lair:1   | Entered Level 1 of the Lair of Beasts
 13024 | Lair:1   | Noticed a boulder beetle
 13038 | Lair:1   | Killed a boulder beetle
 13260 | Lair:1   | Reached XP level 12. HP: 77/79 MP: 14/14
 13458 | Lair:1   | Reached skill level 10 in Armour
 13484 | Lair:1   | Reached skill level 5 in Evocations
 13666 | Lair:2   | Reached skill level 5 in Invocations
 13831 | Lair:2   | Found a staircase to the Swamp.
 13835 | Lair:2   | Noticed Maggie
 13838 | Lair:2   | Noticed a six-headed hydra
 13849 | Lair:2   | Killed a six-headed hydra
 13865 | Lair:2   | Killed Maggie
 14244 | Lair:2   | Noticed Gastronok
 14295 | Lair:2   | Killed Gastronok
 14797 | Lair:3   | Reached XP level 13. HP: 86/86 MP: 17/17
 14865 | Lair:3   | Reached skill level 1 in Axes
 15164 | Lair:3   | Found a staircase to the Snake Pit.
 15804 | Lair:4   | Found a viscous altar of Jiyva.
 15812 | Lair:4   | Found a staircase to the Slime Pits.
 16140 | Lair:4   | Reached ***** piety under the Shining One
 16167 | Lair:4   | Reached skill level 5 in Axes
 16852 | Lair:5   | Entered Level 5 of the Lair of Beasts
 16887 | Lair:5   | Gained mutation: Your large and strong wings let you fly.
                  | [Gargoyle growth]
 16887 | Lair:5   | Reached XP level 14. HP: 76/94 MP: 18/18
 16899 | Lair:5   | Reached skill level 5 in Dodging
 17390 | Lair:5   | Identified the +1 ring mail "Mozum" {rElec Will++ Int+3
                  | Slay-3}
 19491 | D:12     | Found a staircase to the Orcish Mines.
 19851 | D:13     | Reached XP level 15. HP: 88/101 MP: 19/19
 19937 | D:13     | Reached skill level 15 in Fighting
 20396 | D:14     | Found a shadowy altar of Dithmenos.
 20929 | Orc:1    | Entered Level 1 of the Orcish Mines
 21405 | Orc:2    | Entered Level 2 of the Orcish Mines
 21578 | Orc:2    | Paralysed by an ogre mage for 3 turns
 21820 | Orc:2    | Reached ****** piety under the Shining One
 21869 | Orc:2    | Found a staircase to the Elven Halls.
 22122 | Orc:2    | Paralysed by an ogre mage for 3 turns
 22137 | Orc:2    | Found Eppihumix's Distillery.
 22155 | Orc:2    | Bought a potion of haste for 150 gold pieces
 22168 | Orc:2    | Found a radiant altar of Vehumet.
 22184 | Orc:2    | Found Hufyloot's Book Shop.
 22199 | Orc:2    | Noticed Nergalle
 22208 | Orc:2    | Killed Nergalle
 22213 | Orc:2    | Found an ancient bone altar of Kikubaaqudgha.
 22382 | Orc:2    | Found Mimu's Magic Scroll Shop.
 22415 | Orc:2    | Paralysed by an ogre mage for 2 turns
 22577 | Orc:2    | Found Goyntij's Antique Armour Boutique.
 22588 | Orc:2    | Bought a pair of faintly humming gloves for 256 gold pieces
 22588 | Orc:2    | Identified the +1 pair of gloves "Gisoguja" {Harm Will+
                  | Dex+4} (You bought it in a shop on level 2 of the Orcish
                  | Mines)
 22595 | Orc:2    | Bought a scroll of fear for 72 gold pieces
 22595 | Orc:2    | Bought a scroll of summoning for 171 gold pieces
 22595 | Orc:2    | Bought a scroll of brand weapon for 171 gold pieces
 22730 | Orc:2    | Bought a potion of mutation for 120 gold pieces
 22730 | Orc:2    | Bought a potion of mutation for 120 gold pieces
 22730 | Orc:2    | Bought 2 potions of enlightenment for 150 gold pieces
 22730 | Orc:2    | Bought a potion of magic for 120 gold pieces
 22817 | D:11     | Bought a potion of magic for 120 gold pieces
 23122 | D:11     | Found a runed translucent door.
 23127 | D:11     | Found a runed translucent door.
 23182 | D:11     | Identified the +4 broad axe of Winter {freeze, ^Fragile Fly
                  | Str+3}
 23183 | D:11     | Identified the +6 spear of Mathupp {drain, rElec Will++
                  | Int-4 Stlth+}
 23458 | D:13     | Reached skill level 10 in Evocations
 23505 | D:14     | Reached XP level 16. HP: 108/108 MP: 23/23
 23606 | D:14     | Found a gate to the Vaults.
 23680 | D:14     | Reached skill level 10 in Invocations
 23705 | D:14     | Noticed Jorgrun
 23747 | D:15     | Entered Level 15 of the Dungeon
 23864 | D:15     | Reached skill level 10 in Axes
 24111 | D:15     | Found a white marble altar of Elyvilon.
 24638 | D:15     | Found a staircase to the Depths.
 24824 | Snake:1  | Entered Level 1 of the Snake Pit
 24859 | Snake:1  | Reached skill level 1 in Shields
 25404 | Snake:1  | Reached skill level 5 in Shields
 25471 | Snake:1  | Noticed Donald
 25476 | Snake:1  | Killed Donald
 26291 | Snake:2  | Noticed a nagaraja
 26299 | Snake:2  | Killed a nagaraja
 26337 | Snake:2  | Found a shadowy altar of Dithmenos.
 26401 | Snake:2  | Found a runed translucent gate.
 26402 | Snake:2  | Found a runed translucent gate.
 26403 | Snake:2  | Found a runed translucent gate.
 26406 | Snake:2  | Noticed vinnietd's ghost (adept HaFi)
 26491 | Snake:2  | Identified the +3 robe of the Eight Beasts {+Blink Str+5}
 26543 | Snake:2  | Noticed Nikola
 26561 | Snake:2  | Killed Nikola
 26672 | Snake:2  | Identified the serpent talisman of Mirth {Int+3}
 26672 | Snake:2  | Noticed Aizul
 26697 | Snake:2  | Killed Aizul
 27080 | Snake:3  | Reached XP level 17. HP: 106/113 MP: 24/24
 27518 | Snake:3  | Reached skill level 10 in Shields
 27628 | Snake:3  | Identified the +4 halberd "Giumic" {protect, rPois rN+}
 28078 | Snake:3  | Identified the ring "Gicon" {rF+ Str+3 Dex+3}
 28082 | Snake:3  | Identified the ring "Ozimos" {Fly rF+++ rC- rCorr Str-5}
 28138 | Snake:4  | Entered Level 4 of the Snake Pit
 28471 | Snake:4  | Identified a scroll of acquirement
 28472 | Snake:4  | Acquired 730 gold pieces
 29270 | Snake:4  | Noticed Vashnia
 29303 | Snake:4  | Killed Vashnia
 29304 | Snake:4  | Reached XP level 18. HP: 88/122 MP: 25/25
 29712 | Snake:4  | Got a serpentine rune of Zot
 30193 | Swamp:1  | Entered Level 1 of the Swamp
 30193 | Swamp:1  | Noticed a tentacled monstrosity
 30207 | Swamp:1  | Killed a tentacled monstrosity
 31391 | Swamp:3  | Reached skill level 15 in Axes
 31815 | Swamp:3  | Identified the ring of the Nice Breadfruit {rF++ Will+}
 32001 | Swamp:4  | Entered Level 4 of the Swamp
 32217 | Swamp:4  | Noticed a bone dragon
 32230 | Swamp:4  | Killed a bone dragon
 32237 | Swamp:4  | Got a decaying rune of Zot
 32392 | Swamp:4  | Reached XP level 19. HP: 121/130 MP: 26/26
 33192 | D:14     | Noticed Lodul
 33199 | D:14     | Killed Lodul
 33262 | D:14     | Killed Jorgrun
 33733 | Vaults:1 | Entered Level 1 of the Vaults
 34091 | Elf:1    | Entered Level 1 of the Elven Halls
 34302 | Elf:1    | Paralysed by an air elemental for 1 turns
 34442 | Elf:1    | Found Xaefoicu's Magic Scroll Emporium.
 34442 | Elf:1    | Found Waeg's Book Shoppe.
 34443 | Elf:1    | Found Sehosistru's Assorted Antiques.
 34447 | Elf:1    | Found Retyw's Armour Shoppe.
 34456 | Elf:1    | Bought a scroll of teleportation for 39 gold pieces
 34456 | Elf:1    | Bought a scroll of blinking for 97 gold pieces
 34456 | Elf:1    | Bought a scroll of teleportation for 39 gold pieces
 34456 | Elf:1    | Bought a scroll of blinking for 97 gold pieces
 34757 | Elf:1    | Got the Handbook of Injury
 35566 | Elf:2    | Paralysed by an air elemental for 1 turns
 35759 | Elf:3    | Entered Level 3 of the Elven Halls
 35778 | Elf:3    | Noticed a Tzitzimitl
 35890 | Elf:3    | Reached XP level 20. HP: 136/136 MP: 27/27
 35908 | Elf:3    | Identified the amulet of Twilight {RegenMP *Corrode *Slow
                  | Regen+ SInv}
 35967 | Elf:3    | Found a huge runed translucent gate.
 35968 | Elf:3    | Found a huge runed translucent gate.
 35968 | Elf:3    | Found a huge runed translucent gate.
 35968 | Elf:3    | Found a huge runed translucent gate.
 35968 | Elf:3    | Found a huge runed translucent gate.
 35968 | Elf:3    | Found a huge runed translucent gate.
 35968 | Elf:3    | Found a huge runed translucent gate.
 35969 | Elf:3    | Found a huge runed translucent gate.
 35971 | Elf:3    | Noticed Mara
 36039 | Elf:3    | Noticed Sergey's illusion
 36048 | Elf:3    | Killed Mara
 36056 | Elf:3    | Identified the +5 double sword of Isiar {chaos, Str+5}
 36119 | Elf:3    | Identified the +6 double sword of Summertime {speed, rCorr}
 36185 | Elf:3    | Found Forghifa's General Store.
 36188 | Elf:3    | Bought a potion of curing for 36 gold pieces
 36358 | Elf:3    | Paralysed by an air elemental for 1 turns
 36651 | Elf:3    | Identified the +11 mace "Fyhejuss" {heavy, MP+9 Str+2}
 36651 | Elf:3    | Identified the +2 fire dragon scales "Kosoliro" {Harm *Slow
                  | rF++ rC- rN+ rCorr Dex+3}
 37130 | Elf:3    | Identified the +8 battleaxe "Pendulum" {flame, rCorr Dex+3}
 37156 | Elf:3    | Identified the +9 battleaxe of Bodily Harmony {spect,
                  | rPois}
 37212 | Elf:3    | Got the Octavo of the Onion
 37218 | Elf:3    | Got Qottil's Directory of Productive Terrain
 37709 | Vaults:1 | Identified the +6 orcbow of Acrynga {drain, rF++}
 37853 | Vaults:1 | Reached skill level 15 in Armour
 37870 | Vaults:1 | Found Ojaock's Antique Armour Shop.
 37920 | Vaults:1 | Bought a pair of embroidered boots for 360 gold pieces
 38568 | Vaults:2 | Acquired 1178 gold pieces
 38584 | Vaults:2 | Reached skill level 10 in Dodging
 38591 | Vaults:2 | Reached XP level 21. HP: 141/141 MP: 29/29
 38758 | Vaults:2 | You are sucked into a shaft and drop 1 floor!
 39161 | Vaults:3 | Reached skill level 15 in Shields
 39324 | Vaults:3 | Found Keic's General Store.
 39330 | Vaults:3 | Bought a scroll of teleportation for 54 gold pieces
 39330 | Vaults:3 | Bought a scroll of teleportation for 54 gold pieces
 40133 | Vaults:4 | Identified the +4 leather armour of Sunlight {Harm rF+++
                  | MP-9 Str+3}
 40395 | Abyss:4  | Cast into level 4 of the Abyss (vault warden)
 40396 | Abyss:4  | Found a corrupted altar of Lugonu.
 40577 | Abyss:4  | Paralysed by accursed screaming for 1 turns
 40580 | Abyss:4  | Paralysed by accursed screaming for 2 turns
 40590 | Abyss:4  | Gained mutation: Potions are less effective at restoring
                  | your health. [a neqoxec]
 40646 | Abyss:4  | Got an abyssal rune of Zot
 40670 | Vaults:4 | Escaped the Abyss
 40691 | Vaults:4 | Reached XP level 22. HP: 152/152 MP: 12/32
 41047 | Vaults:4 | Reached skill level 15 in Invocations
 41540 | Vaults:2 | Noticed Norris
 41556 | Vaults:2 | Noticed Jory
 41556 | Vaults:2 | Killed Norris
 41570 | Vaults:2 | Found a staircase to the Crypt.
 41587 | Vaults:2 | Killed Jory
 41746 | Vaults:2 | Identified the +1 hand axe "Zungiw" {elec, rElec Will+
                  | Int+2}
 42130 | Crypt:1  | Entered Level 1 of the Crypt
 42366 | Crypt:1  | Reached XP level 23. HP: 156/156 MP: 36/36
 42401 | Crypt:2  | Noticed Bai Suzhen
 42408 | Crypt:2  | Noticed a royal mummy
 42408 | Crypt:2  | Noticed Khufu
 42409 | Crypt:2  | Noticed a royal mummy
 42418 | Crypt:2  | Killed Bai Suzhen
 42429 | Crypt:1  | Identified a +9 broad axe of holy wrath (a +9 broad axe of
                  | freezing blessed by the Shining One)
 42429 | Crypt:1  | Received a gift from the Shining One
 42643 | Crypt:1  | Killed Khufu
 42649 | Crypt:1  | Killed a royal mummy
 42943 | Crypt:2  | Killed a royal mummy
 43348 | Crypt:3  | Entered Level 3 of the Crypt
 43438 | Crypt:3  | Acquired the ring of Mawkohut {rF++ rC+ Str+3}
 43519 | Crypt:3  | Found a basalt altar of Yredelemnul.
 43581 | Crypt:3  | Got an ivory gem with 391 turns to spare
 44168 | Crypt:3  | Found a staircase to the Tomb.
 44657 | Depths:1 | Entered Level 1 of the Depths
 44714 | Depths:1 | Reached XP level 24. HP: 166/166 MP: 31/37
 44720 | Depths:1 | Found a gateway to Hell.
 44758 | Depths:1 | Found a broken altar of Ashenzari.
 44761 | Depths:1 | Learned a level 1 spell: Apportation
 44817 | Depths:1 | Found Oscholom's Book Emporium.
 44818 | Depths:1 | Found Tehudd Weulu's Jewellery Shop.
 44819 | Depths:1 | Found Asadohaomm's Book Emporium.
 45008 | Depths:1 | Reached skill level 1 in Translocations
 45010 | Depths:1 | Reached skill level 1 in Spellcasting
 45217 | Depths:1 | Found a one-way gate to the infinite horrors of the Abyss.
 45715 | Depths:2 | Found a one-way gateway to a ziggurat.
 45988 | Depths:2 | Noticed a caustic shrike
 46003 | Depths:2 | Killed a caustic shrike
 46055 | Depths:2 | You are sucked into a shaft and drop 2 floors!
 46055 | Depths:4 | Entered Level 4 of the Depths
 46059 | Depths:4 | Noticed a juggernaut
 46082 | Depths:4 | Killed a juggernaut
 46614 | Depths:2 | Identified the +0 robe of Baqy {Harm rC+++ rN+ Slay-6}
 46663 | Depths:2 | Reached skill level 5 in Translocations
 46800 | Depths:2 | Identified the +0 leather armour of Makhleb's Favour {Dex+3
                  | Stlth+}
 46804 | Depths:2 | Found the necklace of Bloodlust {Fury *Rage Will++ Int-3
                  | Slay+6}
 47268 | Depths:3 | Found a transporter.
 47360 | Depths:3 | Found a corrupted altar of Lugonu.
 47397 | Depths:3 | Noticed xzight's ghost (legendary MiBe)
 47400 | Depths:3 | Found a transporter.
 47407 | Depths:3 | Noticed Malady's ghost (journeyman MiFi)
 47430 | Depths:3 | Noticed a caustic shrike
 47437 | Depths:3 | Learned a level 2 spell: Blink
 47601 | Depths:3 | Noticed an ancient lich
 47606 | Depths:3 | Killed an ancient lich
 47754 | Depths:3 | Identified the ring "Boel" {rC+ EV+5}
 47892 | Depths:3 | Found a one-way gate leading to the halls of Pandemonium.
 47901 | Pan      | Entered Pandemonium
 47948 | Pan      | Reached XP level 25. HP: 173/173 MP: 37/37
 47952 | Pan      | Noticed Mennas
 47975 | Pan      | Killed Mennas
 48042 | Pan      | Noticed Ihimoj the pandemonium lord
 48055 | Pan      | Killed Ihimoj the pandemonium lord
 48082 | Pan      | Gained mutation: You have a pair of small horns on your
                  | head. [a neqoxec]
 48368 | Pan      | Noticed Uqoyhog the pandemonium lord
 48374 | Pan      | Killed Uqoyhog the pandemonium lord
 48744 | Pan      | Noticed Unnyal the pandemonium lord
 48982 | Pan      | Killed Unnyal the pandemonium lord
 49070 | Pan      | Paralysed by accursed screaming for 1 turns
 49354 | Pan      | Noticed Kigo the pandemonium lord
 49379 | Pan      | Killed Kigo the pandemonium lord
 49513 | Pan      | Found a runed translucent door.
 49530 | Pan      | Got a demonic rune of Zot
 49593 | Pan      | Found a transporter.
 49886 | Pan      | Entered the realm of Gloorx Vloq.
 49958 | Pan      | Reached XP level 26. HP: 180/180 MP: 37/37
 50097 | Pan      | Found an exit through the horrors of the Abyss.
 50195 | Pan      | Noticed Gloorx Vloq
 50205 | Pan      | Killed Gloorx Vloq
 50238 | Pan      | Got a dark rune of Zot
 50351 | Pan      | Noticed Ignacio
 50378 | Pan      | Killed Ignacio
 50452 | Pan      | Entered the realm of Cerebov.
 50625 | Pan      | Found the +6 sword of Cerebov {flame}
 50625 | Pan      | Noticed Cerebov
 50647 | Pan      | Killed Cerebov
 50684 | Pan      | Identified the storm talisman of the Armoured One {Int+2}
 50699 | Pan      | Identified the +4 orcbow "Louber" {drain, rPois Int+2}
 50994 | Pan      | Got a fiery rune of Zot
 51111 | Pan      | Entered the realm of Mnoleg.
 51122 | Pan      | Identified the +13 tower shield of Dim Light {Fly rC-
                  | Stlth+}
 51256 | Pan      | Noticed Mnoleg
 51271 | Pan      | Killed Mnoleg
 51272 | Pan      | Reached XP level 27. HP: 185/188 MP: 5/37
 51306 | Pan      | Was placed under penance by the Shining One
 51385 | Pan      | Gained mutation: Armour fits poorly on your strangely
                  | shaped body. [a cacodemon]
 51410 | Pan      | Got a glowing rune of Zot
 51483 | Pan      | Lost mutation: Armour fits poorly on your strangely shaped
                  | body. [potion of mutation]
 51483 | Pan      | Lost mutation: You have a pair of small horns on your head.
                  | [potion of mutation]
 51483 | Pan      | Gained mutation: You are strong-willed. (Will+) [potion of
                  | mutation]
 51483 | Pan      | Gained mutation: You are somewhat resistant to further
                  | mutation. [potion of mutation]
 51483 | Pan      | Gained mutation: Your mind is acute. (Int +4, Str/Dex -1)
                  | [potion of mutation]
 51707 | Pan      | Entered the realm of Lom Lobon.
 51707 | Pan      | Was forgiven by the Shining One
 51777 | Pan      | Identified the +1 pair of gloves of Untruth {Rampage rF+}
 51930 | Pan      | Noticed Lom Lobon
 52341 | Pan      | Got a magical rune of Zot
 52440 | Pan      | Found an exit through the horrors of the Abyss.
 52473 | Pan      | Took an exit into the Abyss.
 52473 | Abyss:4  | Escaped into the Abyss
 52536 | Depths:3 | Escaped the Abyss
 52950 | Vaults:5 | Entered Level 5 of the Vaults
 53033 | Vaults:5 | Identified the +8 lajatang of Peich {flame, rElec rN+
                  | Str-3}
 53185 | Vaults:5 | Found the +8 whip "Snakebite" {venom, curare, rPois}
 53252 | Vaults:5 | Identified the staff of Accidental Termination {Will+ Dex+5
                  | Stlth+ Conj Earth}
 53287 | Vaults:5 | Identified the +3 buckler of the Manifold Planets {+Blink
                  | Str+5 Dex-3}
 53392 | Vaults:5 | Got the Volume of Orogeny and Graupel
 53619 | Vaults:5 | Identified the +3 hand axe of Kiorauso {flame, rPois Str+3
                  | Dex+4 Stlth-}
 53714 | Vaults:5 | Got a silver rune of Zot
 54004 | Vaults:5 | Identified the +0 double sword "Giantslayer" {pain, rPois
                  | rC+}
 54461 | Slime:1  | Entered Level 1 of the Pits of Slime
 54615 | Slime:5  | Entered Level 5 of the Pits of Slime
 54687 | Slime:5  | Noticed the Royal Jelly
 54709 | Slime:5  | Killed the Royal Jelly
 54881 | Slime:5  | Identified the +5 falchion of Vasaowk {drain, Int+4 Dex+3}
 54898 | Slime:5  | Identified the ring "Ukkot" {rPois rN+}
 54935 | Slime:5  | Identified the +1 cloak of Inen Mil {rElec}
 54971 | Slime:5  | Got a starry gem with 147 turns to spare
 54980 | Slime:5  | Got a slimy rune of Zot
 55402 | Depths:4 | Found Zoakayv's General Store.
 55407 | Depths:4 | Found Zitan's Jewellery Shoppe.
 55410 | Depths:4 | Bought a potion of curing for 72 gold pieces
 55410 | Depths:4 | Bought a wand of paralysis (2) for 115 gold pieces
 55410 | Depths:4 | Bought a wand of iceblast (4) for 230 gold pieces
 55414 | Depths:4 | Bought the amulet of Vitality {RegenMP++ Regen++} for 1600
                  | gold pieces
 55414 | Depths:4 | Found the amulet of Vitality {RegenMP++ Regen++}
 55464 | Depths:4 | Found a gate to the Realm of Zot.
 55469 | Depths:4 | Noticed an ancient lich
 55507 | Depths:4 | Killed an ancient lich
 55820 | Depths:4 | Identified the +8 hand axe of Ulauv {drain, rC+}
 56044 | Zot:1    | Entered Level 1 of the Realm of Zot
 56273 | Zot:1    | Found a hazy altar of Hepliaklqana.
 56631 | Hell     | Entered the Vestibule of Hell
 56659 | Hell     | Noticed Geryon
 56689 | Hell     | Killed Geryon
 56824 | Hell     | Paralysed by a wendigo for 1 turns
 56826 | Hell     | Found a gateway to the freezing wastes of Cocytus.
 56832 | Hell     | Paralysed by a wendigo for 1 turns
 56847 | Coc:1    | Entered Level 1 of Cocytus
 56860 | Coc:1    | Noticed an ancient lich
 56875 | Coc:1    | Killed an ancient lich
 57073 | Coc:3    | Paralysed by a wendigo for 1 turns
 57380 | Coc:5    | Reached skill level 27 in Invocations
 57569 | Coc:6    | Paralysed by a wendigo for 1 turns
 57720 | Coc:7    | Entered Level 7 of Cocytus
 57886 | Coc:7    | Paralysed by a wendigo for 1 turns
 57898 | Coc:7    | Identified the +0 pair of gloves of Ykhle {^Contam rElec
                  | Will+++ Stlth+}
 57917 | Coc:7    | Paralysed by a wendigo for 1 turns
 57990 | Coc:7    | Paralysed by a wendigo for 1 turns
 57993 | Coc:7    | Paralysed by a wendigo for 1 turns
 58000 | Coc:7    | Paralysed by a wendigo for 1 turns
 58019 | Coc:7    | Paralysed by a wendigo for 1 turns
 58184 | Coc:7    | Reached skill level 27 in Fighting
 58251 | Coc:7    | Identified the +7 morningstar "Beetlebane" {freeze, ^Drain
                  | rPois rC+ rN+}
 58251 | Coc:7    | Noticed Antaeus
 58272 | Coc:7    | Killed Antaeus
 58325 | Coc:7    | Got an icy rune of Zot
 58428 | Hell     | Found a gateway to the ashen valley of Gehenna.
 58439 | Geh:1    | Entered Level 1 of Gehenna
 58455 | Geh:1    | Lost mutation: You are strong-willed. (Will+) [potion of
                  | mutation]
 58455 | Geh:1    | Lost mutation: Your mind is acute. (Int +4, Str/Dex -1)
                  | [potion of mutation]
 58455 | Geh:1    | Gained mutation: You have a pair of small antennae on your
                  | head. [potion of mutation]
 58456 | Geh:1    | Lost mutation: You are somewhat resistant to further
                  | mutation. [potion of mutation]
 58456 | Geh:1    | Lost mutation: You have a pair of small antennae on your
                  | head. [potion of mutation]
 58456 | Geh:1    | Lost mutation: Potions are less effective at restoring your
                  | health. [potion of mutation]
 58456 | Geh:1    | Gained mutation: You are weak. (Str -2) [potion of
                  | mutation]
 58456 | Geh:1    | Gained mutation: You have a pair of small horns on your
                  | head. [potion of mutation]
 58591 | Geh:5    | Reached skill level 5 in Stealth
 58796 | Geh:7    | Entered Level 7 of Gehenna
 58829 | Geh:7    | Identified the +0 tower shield of the Histrionic Cicada
                  | {rElec Int+6 SInv}
 58982 | Geh:7    | Identified the staff of Inflation {rC+ Will+ Fire Ice}
 59003 | Geh:7    | Found the +13 sceptre of Asmodeus
 59003 | Geh:7    | Noticed Asmodeus
 59029 | Geh:7    | Killed Asmodeus
 59039 | Geh:7    | Got an obsidian rune of Zot
 59163 | Hell     | Found a gateway to the decaying netherworld of Tartarus.
 59174 | Tar:1    | Entered Level 1 of Tartarus
 59235 | Tar:1    | Noticed a dread lich
 59243 | Tar:1    | Killed a dread lich
 59292 | Tar:2    | Noticed a dread lich
 59302 | Tar:2    | Killed a dread lich
 59422 | Tar:3    | You are sucked into a shaft and drop 1 floor!
 59442 | Tar:4    | Reached skill level 10 in Stealth
 59447 | Tar:4    | Noticed a dread lich
 59455 | Tar:4    | Killed a dread lich
 59650 | Tar:5    | Found a runed translucent door.
 59777 | Tar:7    | Entered Level 7 of Tartarus
 59846 | Tar:7    | Noticed a dread lich
 59848 | Tar:7    | Noticed an ancient lich
 59849 | Tar:7    | Noticed a dread lich
 59853 | Tar:7    | Killed a dread lich
 59854 | Tar:7    | Killed an ancient lich
 59856 | Tar:7    | Killed a dread lich
 60018 | Tar:7    | Noticed Ereshkigal
 60032 | Tar:7    | Killed Ereshkigal
 60033 | Tar:7    | Reached skill level 15 in Stealth
 60066 | Tar:7    | Got a bone rune of Zot
 60211 | Hell     | Found a gateway to the Iron City of Dis.
 60219 | Dis:1    | Entered Level 1 of the Iron City of Dis
 60228 | Dis:1    | Noticed a dread lich
 60243 | Dis:1    | Killed a dread lich
 60927 | Dis:5    | Noticed an ancient lich
 60945 | Dis:5    | Killed an ancient lich
 61219 | Dis:7    | Entered Level 7 of the Iron City of Dis
 61582 | Dis:7    | Noticed the Serpent of Hell
 61606 | Dis:7    | Killed the Serpent of Hell
 62201 | Dis:7    | Noticed Dispater
 62203 | Dis:7    | Noticed a juggernaut
 62208 | Dis:7    | Got an iron rune of Zot
 62762 | Tomb:1   | Entered Level 1 of the Tomb of the Ancients
 62863 | Tomb:1   | Paralysed by a sphinx for 3 turns
 62921 | Tomb:1   | Noticed a royal mummy
 62927 | Tomb:1   | Noticed a royal mummy
 62931 | Tomb:1   | Killed a royal mummy
 62943 | Tomb:1   | Killed a royal mummy
 63106 | Tomb:2   | Noticed a royal mummy
 63181 | Tomb:3   | Entered Level 3 of the Tomb of the Ancients
 63189 | Tomb:3   | Noticed a royal mummy
 63200 | Tomb:3   | Killed a royal mummy
 63217 | Tomb:3   | Noticed a royal mummy
 63230 | Tomb:3   | Killed a royal mummy
 63262 | Tomb:3   | Noticed a royal mummy
 63264 | Tomb:3   | Noticed a royal mummy
 63266 | Tomb:3   | Noticed a royal mummy
 63269 | Tomb:3   | Killed a royal mummy
 63274 | Tomb:3   | Noticed a royal mummy
 63276 | Tomb:3   | Killed a royal mummy
 63277 | Tomb:3   | Killed a royal mummy
 63277 | Tomb:3   | Killed a royal mummy
 63279 | Tomb:3   | Noticed a royal mummy
 63279 | Tomb:3   | Noticed a royal mummy
 63282 | Tomb:3   | Noticed a royal mummy
 63282 | Tomb:3   | Killed a royal mummy
 63282 | Tomb:3   | Killed a royal mummy
 63284 | Tomb:3   | Killed a royal mummy
 63414 | Tomb:3   | Got a sanguine gem with 1127 turns to spare
 63423 | Tomb:3   | Got a golden rune of Zot
 63460 | Tomb:3   | Reached skill level 27 in Axes
 63498 | Tomb:3   | Identified the ring of Ogaix {rElec rF++ Will+}
 63503 | Tomb:3   | Identified the ring "Pyifamep" {rElec rCorr Str+2}
 64178 | Zot:3    | Noticed an orb of fire
 64187 | Zot:3    | Killed an orb of fire
 64224 | Zot:3    | Found a transporter.
 64326 | Zot:5    | Entered Level 5 of the Realm of Zot
 64336 | Zot:5    | Noticed an orb of fire
 64350 | Zot:5    | Gained mutation: Your magical capacity is low. (-10% MP)
                  | [an orb of fire]
 64359 | Zot:5    | Killed an orb of fire
 64360 | Zot:5    | Noticed an orb of fire
 64367 | Zot:5    | Killed an orb of fire
 64489 | Zot:5    | Got a prismatic gem with 137 turns to spare
 64582 | Zot:5    | Noticed an ancient lich
 64588 | Zot:5    | Killed an ancient lich
 64615 | Zot:5    | Noticed a dread lich
 64628 | Zot:5    | Killed a dread lich
 64630 | Zot:5    | Noticed an orb of fire
 64632 | Zot:5    | Noticed an orb of fire
 64636 | Zot:5    | Noticed a dread lich
 64638 | Zot:5    | Killed an orb of fire
 64639 | Zot:5    | Killed an orb of fire
 64648 | Zot:5    | Killed a dread lich
 64649 | Zot:5    | Reached skill level 27 in Stealth
 64718 | Zot:5    | Got the Orb of Zot
 64729 | Zot:5    | Noticed Jatokhej the pandemonium lord
 65296 | D:6      | Noticed Kiocufex the pandemonium lord
 65399 | D:$      | Escaped with the Orb!

Illustrated notes

Levels and vault maps discovered:
D:1:      moated_graveyard_arrival, layout_rooms
D:2:      layout_basic, basic_altar, uniq_natasha
D:3:      layout_loops_corners, minmay_overflow_temple_star_quad
D:4:      layout_basic, serial_demonic, serial_demonic_a, serial_demonic_b,
          serial_demonic_a, serial_demonic_g, serial_demonic_f,
          minmay_stone_trees_medium
D:5:      layout_gridville, minmay_temple_entry_statues_pillars,
          enter_ossuary_5, kennysheep_nub, wad_floor_pattern_untrapped,
          hangedman_abyss_or_decor_slice, lemuel_flame_loot_1
D:6:      minmay_evil_eye, layout_cave_pools,
          grunt_temple_overflow_gold_and_silver, uniq_menkaure
D:7:      layout_gridville, minmay_fractal_squares_diagonal_5
D:8:      layout_basic, mainiacjoe_overflow_paths, uniq_pikel
D:9:      lemuel_slime, layout_grid_maze, trog_book
D:10:     layout_rooms, nzn_hepliaklqana_mist_gate
D:11:     minmay_the_grid_triangle_9x9_recursive_3_mashed
          [minmay_the_grid_triangle_9x9_odd_lines,
          minmay_the_grid_triangle_9x9_steps,
          minmay_the_grid_triangle_9x9_intruding_spiral,
          minmay_the_grid_triangle_9x9_prize_center,
          minmay_the_grid_triangle_9x9_pentomino_pain,
          minmay_the_grid_triangle_9x9_stretched_checkered,
          minmay_the_grid_triangle_9x9_semitri,
          minmay_the_grid_triangle_9x9_tough_junction,
          minmay_the_grid_triangle_9x9_wacky_v], layout_irregular_city,
          lair_entry_dummy, serial_shops, nicolae_shop_hallway_stairs
D:12:     layout_irregular_city, orc_0_dummy
D:13:     layout_cave_pools, minmay_fractal_squares_gapless_5
D:14:     layout_grid_maze, grunt_vaults_entry_tiered,
          nicolae_dithmenos_through_a_glass_darkly, uniq_jorgrun, uniq_lodul
D:15:     grunt_enter_depths_magical_seal, layout_rooms, minmay_misc_feat_chi,
          ebering_dispersal_statue_hall, minivault_25, elyvilon_altar_1
Temple:   nicolae_temple_great_sept
Lair:1:   layout_cave_shapes, minivault_11
Lair:2:   layout_chaotic_city, swamp_mist, serial_bayou_shore_b,
          grunt_megastairs_4, lemuel_fruit_fields, lemuel_fruit_fields,
          uniq_gastronok, uniq_maggie
Lair:3:   layout_chaotic_city, guppyfry_snake_entry_garden, grunt_megastairs_3
Lair:4:   layout_cave_pods, minmay_slime_entry_oklob_open,
          lightli_volcano_entry_magma_tube
Lair:5:   evilmike_catoblepas_cave, layout_regular_city
Swamp:1:  layout_basic_swamp, evilmike_swamp_ruin_house_2
Swamp:2:  layout_basic_swamp, evilmike_swamp_ruin_house_3
Swamp:3:  layout_basic_swamp, infiniplex_staircase_pool
Swamp:4:  swamp_pestilence, layout_basic_swamp
Snake:1:  layout_chambers, uniq_donald
Snake:2:  layout_onion_interference, gammafunk_ghost_necromancy, basic_altar,
          uniq_nikola, uniq_aizul
Snake:3:  layout_rooms, nicolae_snake_storage_room
Snake:4:  johnstein_snake_rune_scales, layout_chambers, serial_bayou_shore_b,
          grunt_megastairs_1
Slime:1:  layout_caves
Slime:2:  layout_caves
Slime:3:  layout_caves
Slime:4:  layout_caves
Slime:5:  slime_pit_nicolae_amoeboid
Orc:1:    layout_caves, basic_altar, nicolae_orc_damp_corner,
          nicolae_orc_stalacmites
Orc:2:    kennysheep_orc_mage_school, layout_diamond_mine, minmay_orc_temple_b
Elf:1:    layout_geoelf_diagonals, minmay_elf_annihilation, minmay_shoptagon,
          grunt_megastairs_5
Elf:2:    nicolae_elf_blades_splatter_lattice
          [nicolae_blade_entry_hurt_lockers], layout_geoelf_grid, st_stairs_1,
          feat_on_display, lemuel_upstairs_altar
Elf:3:    minmay_elf_hall_circle, layout_geoelf_octagon, serial_shops,
          nicolae_shop_behind_doors, nicolae_elf_double_double_double_trouble,
          uniq_mara
Vaults:1: ontoclasm_vaults_gallery, vaults_mumra_minichess_inversion,
          nicolae_vaults_closet_pinwheel_5, hangedman_vaults_cutoff,
          nicolae_vaults_frosty_reception, hangedman_vaults_impose,
          nicolae_vaults_lightning_bolt, nicolae_vaults_six-pack, v_misc_11,
          grunt_vaults_hallway_short, layout_vaults_omnibox, serial_shops, shop
Vaults:2: dpeg_vaults_monster_box, nicolae_vaults_turnstiles,
          minmay_crypt_entry_simple_sparse, vaults_dpeg_spiral, v_misc_33,
          hangedman_vaults_hat, nicolae_vaults_diamond_2,
          layout_vaults_maze_snakey, uniq_jory, uniq_norris
Vaults:3: nicolae_vaults_little_squares_5, nicolae_vaults_cochlea,
          ontoclasm_vaults_ring_square, vaults_dpeg_diagonal,
          nicolae_vaults_closet_pinwheel_3, nicolae_vaults_shelves_hall,
          vaults_room_pool, nicolae_vaults_apartment_1,
          vaults_room_guarded_vault, vaults_mumra_hex,
          nicolae_vaults_border_crossing, layout_vaults_omnicross, serial_shops,
          shop
Vaults:4: nicolae_vaults_offset_grid_hallway_2, nicolae_vaults_big_ls,
          nicolae_vaults_trapezoid_2, nicolae_vaults_storage_closets_3,
          hangedman_vaults_stitches, nicolae_vaults_more_shelving_1,
          nicolae_vaults_diamond_2, nicolae_vaults_specimen_jars,
          layout_vaults_omnigrid
Vaults:5: serial_shops
Crypt:1:  layout_regular_city, grunt_crypt_arrival_guarded_gate
Crypt:2:  layout_gridlike, roderic_lattice_octagonal_star, uniq_bai_suzhen,
          uniq_khufu
Crypt:3:  church_of_pain_bobbens, layout_chaotic_city,
          serial_sigils_hangedman_quiver
Tomb:1
Tomb:2
Tomb:3
Depths:1: layout_gridlike, grunt_hell_entry_demonic_statue,
          abyss_entry_small_statue_room, hangedman_decor_opposing,
          kennysheep_cross_room, ashenzari_conservatory_becter,
          minmay_shop_grove
Depths:2: hangedman_arch_fort, layout_basic, enter_ziggurat_f,
          rand_demon_pan_entry_4, serial_sigils_hangedman_confine, hell_entry
Depths:3: cheibrodos_cascadia, layout_cross, nzn_ghost_randoct,
          abyss_entry_flame_altar, pf_hell_entry_tar_river,
          rand_demon_pan_entry_1, grunt_decor_resistance
Depths:4: lemuel_castle_with_subvaults [lemuel_castle_interior_original],
          layout_cave_pools, hellmouth_1, serial_bayou_shore_b, minmay_shop_star
Hell
Dis:1:    layout_gridville, nicolae_dis_big_boring_drill
Dis:2:    layout_subdivisions
Dis:3:    layout_jigsaw
Dis:4:    layout_regular_city, nicolae_dis_emergency_hatch
Dis:5:    layout_gridville, special_room [special_room_morgue], evilmike_ambush
          [evilmike_ambush_outer_basic, evilmike_ambush_inner_cross]
Dis:6:    layout_subdivisions
Dis:7:    dis_hangedman
Geh:1:    layout_gehenna_lava_caves
Geh:2:    layout_gehenna_lava_caves
Geh:3:    layout_gehenna_lava_caves
Geh:4:    layout_gehenna_lava_caves
Geh:5:    layout_gehenna_lava_caves
Geh:6:    layout_gehenna_pools_basic
Geh:7:    geh_grunt
Coc:1:    layout_cocytus_water_paths
Coc:2:    layout_cocytus_delve, nicolae_hells_seeping_fissure
Coc:3:    nooodl_cocytus_jagged_cave
Coc:4:    layout_cocytus_delve
Coc:5:    layout_ice_bergs
Coc:6:    nicolae_coc_through_the_icewall, layout_cocytus_water_paths
Coc:7:    coc_mu
Tar:1:    layout_cathedral_of_symmetry
Tar:2:    layout_grid_maze, nicolae_tar_windowcombs
Tar:3:    layout_grid_maze
Tar:4:    layout_honeycomb, lemuel_nasty_pond
Tar:5:    nicolae_tar_ssshhh
Tar:6:    layout_cathedral_of_symmetry
Tar:7:    tar_old
Zot:1:    layout_onion, basic_altar, uniq_vv
Zot:2:    layout_misc_corridors, grunt_megastairs_2
Zot:3:    gammafunk_its_a_trap, layout_basic, hangedman_zot_diagonal_lockstep
Zot:4:    layout_gridlike, regret_index_zotdec_split_disrupt, uniq_tiamat
Zot:5:    layout_basic, lemuel_lake_of_fire

Skill      XL: |  1  2  3  4  5  6  7  8  9 10 11 12 13 14 15 16 17 18 19 20 21 22 23 24 25 26 27 |
---------------+----------------------------------------------------------------------------------+-----
Stealth        | 2 27 | 27.0
Fighting       | 3 4 5 6 8 9 10 12 13 14 15 16 18 20 21 22 23 27 | 27.0
Evocations     | 1 2 3 4 6 8 10 | 10.0
Staves         | 1 4 |  4.0
Armour         | 3 4 6 8 9 11 12 13 15 16 17 20 | 20.5
Maces & Flails | 3 5 8 9 |  9.6
Polearms       | 2 6 |  6.8
Invocations    | 3 6 9 10 11 14 19 20 21 27 | 27.0
Axes           | 5 7 9 12 13 16 18 19 20 27 | 27.0
Dodging        | 4 6 8 10 11 12 14 | 14.4
Shields        | 8 10 12 14 15 16 17 20 | 20.5
Translocations | 9 |  9.0
Spellcasting   | 4 |  4.0
Ranged Weapons | |  4.0

Action                     |  1- 3 |  4- 6 |  7- 9 | 10-12 | 13-15 | 16-18 | 19-21 | 22-24 | 25-27 || total
---------------------------+-------+-------+-------+-------+-------+-------+-------+-------+-------++-------
  Melee: Bo                |       |   103 |   126 |       |       |       |       |       |       ||   229
         Punch             |       |     2 |    10 |     5 |     3 |     1 |       |       |       ||    21
         Mace              |       |       |   138 |       |       |       |       |       |       ||   138
         Trident           |       |       |   165 |   109 |       |     6 |       |       |       ||   280
         Flail             |       |       |       |   138 |       |       |       |       |       ||   138
         Dire flail        |       |       |       |   325 |   572 |       |       |       |       ||   897
         Broad axe         |       |       |       |       |   430 |  1030 |  1243 |  1308 |  5109 ||  9120
         Unarmed           |       |       |       |       |       |       |     5 |       |       ||     5
         Headbutt          |       |       |       |       |       |       |       |       |  1160 ||  1160
   Fire: Shortbow          |   174 |    34 |       |       |       |       |       |       |       ||   208
  Throw: Javelin           |     2 |       |    11 |     2 |       |       |       |       |       ||    15
         Dart              |       |       |    23 |    24 |    18 |     4 |       |       |     3 ||    72
         Boomerang         |       |       |       |       |       |       |     2 |       |    10 ||    12
         Throwing net      |       |       |       |       |       |       |       |       |     5 ||     5
   Cast: Apportation       |       |       |       |       |       |       |       |       |     8 ||     8
         Blink             |       |       |       |       |       |       |       |       |     6 ||     6
 Invoke: Divine Shield     |       |       |       |     1 |       |     2 |     3 |     1 |    12 ||    19
         Cleansing Flame   |       |       |       |       |     5 |    21 |    15 |    31 |   146 ||   218
         Summon Divine War |       |       |       |       |       |     6 |     7 |     9 |    75 ||    97
         Brand Weapon With |       |       |       |       |       |       |       |     1 |       ||     1
  Evoke: Wand              |       |     5 |       |     4 |     2 |     5 |     3 |       |    15 ||    34
         Phantom mirror    |       |       |       |       |       |     1 |       |     1 |     4 ||     6
         Sack of spiders   |       |       |       |       |       |     1 |     1 |     1 |     3 ||     6
         Condenser vane    |       |       |       |       |       |       |       |       |     1 ||     1
    Use: Scroll            |     3 |     3 |     5 |    10 |    14 |    11 |     4 |    11 |    42 ||   103
         Potion            |     2 |       |     1 |     3 |     2 |     2 |     3 |     1 |    57 ||    71
 Armour: Leather armour    |    32 |    12 |       |       |       |       |       |       |       ||    44
         Scale mail        |       |    46 |       |       |       |       |       |       |       ||    46
         Plate armour      |       |    31 |   367 |   474 |   732 |   749 |   622 |   725 |  3023 ||  6723
         Ring mail         |       |       |       |       |    31 |     6 |       |       |       ||    37
         Skin              |       |       |       |       |       |       |     2 |       |    95 ||    97
  Dodge: Dodged            |    60 |    52 |   102 |   158 |   332 |   444 |   246 |   304 |  1493 ||  3191
  Block: Other             |     7 |    29 |    96 |    91 |   155 |    21 |       |       |       ||   399
         Reflection        |     1 |       |     7 |     3 |     6 |    51 |    48 |       |       ||   116
         Kite shield       |       |       |       |       |       |   275 |       |       |       ||   275
         Tower shield      |       |       |       |       |       |   733 |  1062 |  1320 |  4952 ||  8067
